 Dungeon Crawl Stone Soup version 0.31-a0-631-g285b096dc4 (webtiles) character file.

Game seed: 9516477074240548305

550 oldmanjim the Shooter (level 7, 0/52 HPs)
             Began as a Barachi Hexslinger on Aug 12, 2023.
             Was a Follower of Elyvilon.
             Slain by a sky beast (2 damage)
             ... on level 5 of the Dungeon on Aug 25, 2023.
             The game lasted 00:21:57 (3787 turns).

oldmanjim the Shooter (Barachi Hexslinger)          Turns: 3787, Time: 00:21:58

Health: 0/52       AC:  5    Str: 10    XL:     7   Next: 29%
Magic:  7/10       EV: 13    Int: 19    God:    Elyvilon [*.....]
Gold:   139        SH:  0    Dex: 16    Spells: 3/10 levels left

rFire   . . .        a - +1 sling
rCold   . . .        (no shield)
rNeg    . . .        c - +0 robe
rPois   .            (no helmet)
rElec   .            g - +0 cloak
rCorr   .            s - +0 pair of gloves
SInv    .            z - +0 pair of boots
Will    .....        (no amulet)
Stlth   +            v - +6 ring of intelligence
HPRegen 0.28/turn    (no ring)
MPRegen 0.12/turn

%: no passive effects
@: unable to hop, slow
A: amphibious, slowness 1, strong legs 1, +LOS
a: Hop, Renounce Religion, Purification


You were on level 5 of the Dungeon.
You worshipped Elyvilon.
Elyvilon was aware of your devotion.
You visited 1 branch of the dungeon, and saw 5 of its levels.

You collected 139 gold pieces.

Inventory:

Hand Weapons
 a - a +1 sling (weapon)
Missiles
 e - 28 stones
 A - 5 javelins
Armour
 c - a +0 robe (worn)
 g - a +0 cloak (worn)
 s - a +0 pair of gloves (worn)
 z - a +0 pair of boots (worn)
Jewellery
 v - a +6 ring of intelligence (left hand)
 w - an amulet of faith
Scrolls
 b - 3 scrolls of poison
 d - 2 scrolls of fog
 f - a scroll of noise {unknown}
 h - a scroll of fear {unknown}
 m - a scroll of teleportation {unknown}
 t - a scroll of blinking {unknown}
 u - a scroll of immolation
 x - a scroll of butterflies {unknown}
 y - 2 scrolls of vulnerability {unknown}
 B - a scroll of enchant weapon {unknown}
Potions
 i - a potion of magic {unknown}
 j - a potion of might {unknown}
 k - a potion of curing {unknown}
 l - a potion of attraction {unknown}
 n - 2 potions of degeneration {unknown}
 o - a potion of heal wounds {unknown}
 p - a potion of invisibility {unknown}
 q - a potion of lignification {unknown}
 r - 2 potions of resistance {unknown}


   Skills:
 + Level 3.0 Fighting
 + Level 5.8 Ranged Weapons
 - Level 3.0 Dodging
 - Level 2.0 Spellcasting
 + Level 4.0 Hexes
 - Level 3.0 Translocations


You had 3 spell levels left.
You knew the following spells:

 Your Spells              Type           Power      Damage    Failure   Level
a - Slow                  Hex            68%        N/A       3%          1
b - Portal Projectile     Hex/Tloc       30%        N/A       12%         3
c - Inner Flame           Hex/Fire       9%         N/A       22%         3

Your spell library contained the following spells:

 Spells                   Type           Power      Damage    Failure   Level
 Cause Fear               Hex            8%         N/A       32%         4
 Passage of Golubria      Tloc           13%        N/A       43%         4
 Silence                  Hex/Air        4%         N/A       90%         5
 Lehudib's Crystal Spear  Conj/Erth      0%         10d2      100%        8


Dungeon Overview and Level Annotations

Branches:
Dungeon (5/15)
 Temple: D:4-7

Altars:
Elyvilon
Fedhas
Gozag
Zin

Annotations:
D:2 1 runed translucent door, exclusion: door, Crazy Yiuf
D:4 3 runed translucent doors, exclusion: 3 doors, sunglassesatnite's ghost, amateur MiBe


Innate Abilities, Weirdness & Mutations

You are amphibious.
You cover ground slowly.
You can hop short distances.
You have an extended range of vision and can be seen from far away.


Message History

Fire: a) +1 sling
Press: ? - help, Q - select action, (/) - cycle Shift-Dir - straight line, f/p - sky beast
Aim: a sky beast (heavily wounded, slow, 51% to hit)
You shoot a sling bullet.
The sling bullet closely misses the sky beast.
The sky beast hits you but does no damage.
Casting: Slow (safe; 3% risk of failure)
Confirm with . or Enter, or press ? or * to list all spells.
You begin teleporting projectiles to their destination.
The sky beast barely misses you.
The sky beast is no longer moving slowly.
The sky beast hits you. The sky beast shocks you.
Unknown command.
Fire: a) +1 sling
Press: ? - help, Q - select action, (/) - cycle Shift-Dir - straight line, f/p - sky beast
Aim: a sky beast (heavily wounded, 51% to hit)
You magically shoot a sling bullet.
The sling bullet hits the sky beast but does no damage.
The sky beast is heavily wounded.
The sky beast flickers out of sight!
Deactivating autopickup; reactivate with Ctrl-A.
Something hits you but does no damage.
Hop to where?
Press: ? - help, Dir - move target Boing!
Something barely misses you. Something hits you. Something shocks you.
* * * LOW HITPOINT WARNING * * *
Something hits you.
* * * LOW HITPOINT WARNING * * *
Something shocks you.
* * * LOW HITPOINT WARNING * * *
Something hits you but does no damage.
You are no longer teleporting projectiles to their destination.
Something hits you.
* * * LOW HITPOINT WARNING * * *
Something shocks you.
* * * LOW HITPOINT WARNING * * *
Something hits you.
You die...

#.....##.#
#........#
#.....####
#.....#########
#..............
#....##########
#.####
#.##############
#..........@{..#
##############.#
#.# # #.# #. #.#
#. #.# #>.#.#
#..#.#
#....###.#


There were no monsters in sight!

Vanquished Creatures
  Edmund (D:4)
  An ogre (D:4)
  A scorpion (D:5)
  2 jellies (D:4)
  A hound (D:4)
  A sleepcap (D:4)
  An orc wizard (D:4)
  4 gnolls (D:4)
  2 adders
  2 worms
  2 dart slugs
  5 orcs
  8 ball pythons
  6 bats
  5 endoplasms
  4 giant cockroaches
  8 goblins
  10 hobgoblins
  6 jackals
  9 kobolds
  3 quokkas
  4 frilled lizards
  6 rats
92 creatures vanquished.

Vanquished Creatures (others)
  A butterfly (D:3)
1 creature vanquished.

Grand Total: 93 creatures vanquished

Notes
Turn   | Place    | Note
-------+----------+-------------------------------------------
     0 | D:1      | oldmanjim the Barachi Hexslinger began the quest for the
                  | Orb.
     0 | D:1      | Reached XP level 1. HP: 15/15 MP: 2/2
    93 | D:1      | Reached XP level 2. HP: 22/22 MP: 1/3
   525 | D:1      | Reached XP level 3. HP: 23/27 MP: 5/5
  1072 | D:2      | Learned a level 3 spell: Portal Projectile
  1689 | D:2      | Reached XP level 4. HP: 29/33 MP: 5/7
  1785 | D:2      | Found a runed translucent door.
  1786 | D:2      | Noticed Crazy Yiuf
  2420 | D:3      | Found a blossoming altar of Fedhas.
  2450 | D:3      | Reached skill level 1 in Translocations
  2538 | D:3      | Found a white marble altar of Elyvilon.
  2543 | D:3      | Became a worshipper of Elyvilon the Healer
  2710 | D:4      | Reached skill level 3 in Ranged Weapons
  2710 | D:4      | Reached XP level 5. HP: 38/38 MP: 6/8
  2833 | D:4      | Noticed Edmund
  2856 | D:4      | Elyvilon protects you from harm!
  2857 | D:4      | Killed Edmund
  2858 | D:4      | Reached skill level 4 in Ranged Weapons
  2858 | D:4      | Reached XP level 6. HP: 6/44 MP: 5/9
  3060 | D:4      | Reached skill level 5 in Ranged Weapons
  3062 | D:4      | Found a runed translucent gate.
  3062 | D:4      | Found a runed translucent gate.
  3062 | D:4      | Found a runed translucent gate.
  3062 | D:4      | Found an opulent altar of Gozag.
  3062 | D:4      | Noticed sunglassesatnite's ghost (amateur MiBe)
  3062 | D:4      | Noticed a water moccasin
  3246 | D:4      | Upgraded the game from 0.31-a0-532-g28f74ba3e5 to
                  | 0.31-a0-631-g285b096dc4
  3411 | D:4      | Found a glowing silver altar of Zin.
  3468 | D:4      | Reached XP level 7. HP: 43/52 MP: 10/10
  3657 | D:5      | Entered Level 5 of the Dungeon
  3671 | D:5      | Learned a level 3 spell: Inner Flame
  3695 | D:5      | Reached * piety under Elyvilon
  3786 | D:5      | HP: 2/52 [something (5)]
  3787 | D:5      | Slain by a sky beast

Illustrated notes

Levels and vault maps discovered:
D:1:      giann_bridges, layout_basic
D:2:      layout_basic, serial_co_window_serial, co_window_paths_b,
          co_window_paths_b, co_window_paths_a, co_window_paths_a,
          co_window_of_opportunity_a, co_window_paths_a, co_window_paths_c,
          co_window_unsneaky_path_c, co_window_broadway_b, co_window_2corner,
          co_window_corner_ca, glass_columns_c, st_stairs_5,
          roderic_roman_lattice, uniq_crazy_yiuf_cottage
D:3:      layout_rooms, nicolae_elyvilon_peaceful_grove, fedhas_altar_4
D:4:      layout_loops_ring, zin_treasury, ebering_ghost_gozag, uniq_edmund
D:5:      minmay_spotlight, layout_basic, minmay_temple_entry_butterflies,
          serial_rivers, chequers_serial_rivers_small_3,
          chequers_serial_rivers_marsh, chequers_serial_rivers_room_b,
          chequers_serial_rivers_micro_c

Skill      XL: |  1  2  3  4  5  6  7 |
---------------+----------------------+-----
Fighting       | 2 3 |  3.0
Spellcasting   | 2 |  2.0
Dodging        | 3 |  3.0
Translocations | 1 2 3 |  3.0
Ranged Weapons | 3 4 5 |  5.8
Hexes          | 4 |  4.0

Action                     |  1- 3 |  4- 6 |  7- 9 || total
---------------------------+-------+-------+-------++-------
   Fire: Sling             |   135 |   167 |    45 ||   347
   Cast: Slow              |    26 |    12 |     2 ||    40
         Portal Projectile |       |     1 |     1 ||     2
Ability: Hop               |     1 |     2 |     1 ||     4
    Use: Scroll            |       |     2 |       ||     2
 Armour: Robe              |    15 |    12 |     9 ||    36
  Dodge: Dodged            |    50 |    50 |    15 ||   115

Table legend: (Time is in decaauts)
 A = Elapsed time spent in this place.
 B = Non-inter-level travel time spent in this place.
 C = Inter-level travel time spent in this place.
 D = Time resting spent in this place.
 E = Time spent auto-exploring this place.
 F = Levels seen in this place.
 G = Mean time per level.
                   A        B        C        D        E       F      G
               +--------+--------+--------+--------+--------+-----+--------+
         Total |   4385 |   4291 |     94 |    130 |   3402 |   5 |  877.0 |
       Dungeon |   4385 |   4291 |     94 |    130 |   3402 |   5 |  877.0 |
               +--------+--------+--------+--------+--------+-----+--------+

Top non-repeatable levels by time:
     D:2: 1376 daAuts
     D:4: 1194 daAuts
     D:1: 894 daAuts
     D:3: 771 daAuts
     D:5: 149 daAuts
